 Dungeon Crawl Stone Soup version 0.30.0-20-g3615ddf2f0 (webtiles) character file.

Game seed: 14450239654540057966

8655 qw the Cleaver (level 11, -3/71 HPs)
             Began as a Gargoyle Fighter on May 29, 2023.
             Slain by an ogre
             ... wielding a +0 giant club
             ... led by Lodul
              (13 damage)
             ... on level 10 of the Dungeon.
             The game lasted 00:04:00 (7850 turns).

qw the Cleaver (Gargoyle Fighter)                   Turns: 7850, Time: 00:04:01

Health: -3/71      AC: 32    Str: 24    XL:     11   Next: 34%
Magic:  11/11      EV:  4    Int:  9    God:
Gold:   435        SH:  0    Dex:  9    Spells: 10/10 levels left

rFire   . . .        Y - +3 war axe (heavy)
rCold   + . .        c - +0 buckler
rNeg    + . .        p - +0 plate armour
rPois   inf          l - +0 helmet
rElec   +            e - +0 cloak
rCorr   .            o - +0 pair of gloves
SInv    .            q - +3 pair of mountain boots {steadfast, rC+}
Will    .....        (no amulet) Stlth
                     (no ring)
HPRegen 0.31/turn    (no ring)
MPRegen 0.12/turn

%: no passive effects
@: marked, flying, held
A: sickness immunity, AC +8, negative energy resistance 1, electricity
resistance, torment resistance 1, petrification resistance, big wings, claws 1,
iridescent scales 1, screaming 1
a: no special abilities


You were on level 10 of the Dungeon.
You visited 2 branches of the dungeon, and saw 11 of its levels.

You collected 435 gold pieces.


Innate Abilities, Weirdness & Mutations

You are immune to sickness and miasma.
Your stone body is resilient. (AC +8)
You are immune to poison.
You resist negative energy. (rN+)
You are resistant to electric shocks. (rElec)
You are resistant to unholy torment.
You are immune to petrification.
Your large and strong wings let you fly.
You have sharp fingernails.
You are partially covered in iridescent scales. (AC +2)
You occasionally shout uncontrollably at your foes.


   Skills:
 - Level 9.0 Fighting
 + Level 11.4 Axes
 - Level 2.7 Throwing
 - Level 9.1 Armour
 - Level 2.1 Dodging
 - Level 5.3 Shields


You had 10 spell levels left.
You didn't know any spells.
Your spell library was empty.

Inventory:

Hand Weapons
 j - a +0 flail
 Y - a +3 heavy war axe (weapon)
Missiles
 a - 3 boomerangs (quivered)
Armour
 c - a +0 buckler (worn)
 e - a +0 cloak (worn)
 l - a +0 helmet (worn)
 o - a +0 pair of gloves (worn)
 p - a +0 plate armour (worn)
 q - the +3 pair of mountain boots (worn) {steadfast, rC+}
   (You found it on level 3 of the Dungeon)

   Steadfast: It prevents involuntary movement, except for blinking,
   teleportation, or banishment.
   rC:        It protects you from cold.
Scrolls
 k - a scroll of identify
Potions
 b - a potion of lignification {unknown}
 d - a potion of might
 f - a potion of mutation
 g - a potion of resistance
 h - 5 potions of attraction
 i - 4 potions of curing

Dungeon Overview and Level Annotations

Branches:
Dungeon (10/15)            Temple (1/1) D:4            Lair (0/5) D:9
    Orc (0/2) D:9

Altars:
Ashenzari
Cheibriados
Dithmenos
Elyvilon
Gozag
Kikubaaqudgha
Makhleb
Qazlal
Sif Muna
Trog
Uskayaw
Vehumet
Wu Jian
Xom
Yredelemnul
Zin
The Shining One

Shops:
D:9 =

Annotations:
D:3 1 runed translucent door, qw's ghost, amateur GrFi
D:4 2 transporters, qw's ghost, amateur GrFi
D:5 2 transporters, qw's ghost, amateur GrFi
D:9 2 transporters
D:10 Harold


Message History

An ogre comes into view. It is wielding a +0 giant club. x2
Lodul hits you with a +0 dire flail.
You barely miss Lodul.
Lodul is almost dead.
You barely miss the ogre. You slice the ogre!!
You kill the ogre!
The ogre barely misses you. Harold casts a spell at you.
A sentinel's mark forms upon you. Lodul hits you but does no damage.
You hit Lodul but do no damage.
Lodul is almost dead.
You hit the ogre. You slash the ogre! The ogre closely misses you.
The ogre hits you with a +0 giant club!
An ogre comes into view. It is wielding a +0 giant spiked club.
An ogre comes into view. It is wielding a +0 giant club.
Lodul hits you with a +0 dire flail.
You slash Lodul!
You kill Lodul!
You slash the ogre!
You kill the ogre!
You slice the ogre!! You block the ogre's attack.
Harold hits you but does no damage.
The ogre hits you with a +0 giant club!!
7848 ||| DRINKING potion of heal wounds.
You feel much better.
Harold hits you from afar with a +0 halberd.
The ogre misses you.
Harold hits you from afar with a +0 halberd.
You dice the ogre like an onion!!!
You kill the ogre!
You hit the ogre. x2
Harold throws a throwing net.
The throwing net hits you.
You become entangled in the net!
The ogre barely misses you.
The ogre hits you with a +0 giant spiked club!
Harold hits you from afar with a +0 halberd!
You struggle against the net.
Harold hits you from afar with a +0 halberd.
The ogre hits you with a +0 giant club!
You die...

#.#.# #.#.##.)######.#. #.#.#
#.#.###%.......#.
#.###.#.#####.#.###..#.#.###.
#.............#......#.#.# #.
#####.#.#######......#.#.# #.
#######..................#.#.# #.
.........................#.#.# #.
#######.#......).........#.#.###.
#.###.####@#####..##.#.#<.. #.#
#....OOO@..... #.#.#### #.#
######.######. #.# .... ..#
....O. ..# ....###.# ##..# # #..#
..#


You could see Harold (fast) and 3 ogres.

Vanquished Creatures
  Lodul (D:10)
  Joseph (D:7)
  2 trolls
  A hornet (D:7)
  2 wyverns
  4 hogs (D:9)
  3 humans
  13 yaks
  4 steam dragons
  4 water moccasins
  An ice beast (D:7)
  2 orc warriors
  A sky beast (D:6)
  A black bear (D:4)
  3 ogres (D:10)
  A centaur (D:5)
  Blork the orc (D:4)
  2 kobold brigands
  3 bullfrogs
  A gnoll sergeant (D:9)
  10 wights
  11 killer bees
  2 howler monkeys
  9 hounds
  2 orc priests
  3 iguanas
  4 orc wizards
  13 gnolls
  9 adders
  A shadow imp (D:5)
  2 white imps (D:6)
  An ufetubus (D:7)
  4 worms (D:2)
  4 dart slugs
  25 orcs
  6 endoplasms
  2 giant cockroaches
  10 goblins
  A hobgoblin (D:1)
  13 jackals
  10 kobolds
  4 quokkas
  4 ball pythons
  4 bats
  3 frilled lizards
  7 rats
215 creatures vanquished.

Vanquished Creatures (others)
  An orc (D:7)
1 creature vanquished.

Grand Total: 216 creatures vanquished

Notes
Turn   | Place    | Note
-------+----------+-------------------------------------------
     0 | D:1      | qw the Gargoyle Fighter began the quest for the Orb.
     0 | D:1      | Reached XP level 1. HP: 14/14 MP: 1/1
     0 | D:1      | 0 ||| qw: Version: 0.2-a-101-gf424e7f
     0 | D:1      | 0 ||| qw: Game counter: 318
     0 | D:1      | 0 ||| qw: Always use a shield: true
     0 | D:1      | 0 ||| qw: God list: Okawaru
     0 | D:1      | 0 ||| qw: Allow faded altars: false
     0 | D:1      | 0 ||| qw: Do Orc after D:15 true
     0 | D:1      | 0 ||| qw: Do second Lair branch before Depths: true
     0 | D:1      | 0 ||| qw: Lair rune preference: random
     0 | D:1      | 0 ||| qw: Plans: Normal, Zot:1-4, Slime:5, God:TSO, Crypt,
                  | Tomb, Pan, Hells, Abyss, Win
     0 | D:1      | 0 ||| PLANNING D:1-11
    38 | D:1      | Found a faded altar of an unknown god.
   107 | D:1      | Reached skill level 2 in Axes
   416 | D:1      | Reached XP level 2. HP: 19/19 MP: 2/2
   602 | D:1      | 602 ||| Stepping ~*~*~tactically~*~*~ (hiding).
   647 | D:1      | 647 ||| Stepping ~*~*~tactically~*~*~ (stealth).
   724 | D:1      | Reached skill level 3 in Axes
   773 | D:1      | 773 ||| FLEEEEING.
   774 | D:1      | 774 ||| FLEEEEING.
   780 | D:1      | 780 ||| Stepping ~*~*~tactically~*~*~ (hiding).
   789 | D:1      | Reached XP level 3. HP: 23/23 MP: 3/3
  1012 | D:1      | 1012 ||| READING scroll labelled NEOTU HIOM.
  1013 | D:1      | 1013 ||| READING scroll labelled EHAIWITUDO.
  1014 | D:1      | 1014 ||| READING scroll labelled EZUW LIROMI.
  1015 | D:1      | 1015 ||| READING scroll labelled POOXTE VEDECUI.
  1016 | D:1      | 1016 ||| READING 2 scrolls labelled APSI MEAMIRIKU.
  1078 | D:2      | 1078 ||| Stepping ~*~*~tactically~*~*~ (hiding).
  1300 | D:2      | Reached XP level 4. HP: 25/28 MP: 4/4
  1412 | D:2      | Found a shimmering blue altar of Sif Muna.
  1700 | D:2      | 1700 ||| Stepping ~*~*~tactically~*~*~ (stealth).
  1702 | D:2      | 1702 ||| Stepping ~*~*~tactically~*~*~ (stealth).
  1715 | D:2      | Reached skill level 4 in Axes
  1942 | D:2      | 1942 ||| UPGRADING to +0 cloak.
  1947 | D:2      | 1947 ||| UPGRADING to +0 helmet.
  1952 | D:2      | 1952 ||| DRINKING 2 white potions.
  1953 | D:2      | 1953 ||| DRINKING 2 bubbling sapphire potions.
  1973 | D:3      | Noticed a bullfrog
  1983 | D:3      | Killed a bullfrog
  1984 | D:3      | Reached XP level 5. HP: 15/32 MP: 5/5
  2087 | D:3      | Reached skill level 5 in Axes
  2159 | D:3      | Noticed qw's ghost (amateur GrFi)
  2161 | D:3      | 2161 ||| DROPPING +0 club.
  2162 | D:3      | Found a runed translucent door.
  2280 | D:3      | Found an ornate altar of the Wu Jian Council.
  2347 | D:3      | 2347 ||| Stepping ~*~*~tactically~*~*~ (stealth).
  2462 | D:3      | Found the +3 pair of mountain boots {steadfast, rC+}
  2466 | D:3      | 2466 ||| Stepping ~*~*~tactically~*~*~ (stealth).
  2468 | D:3      | 2468 ||| Stepping ~*~*~tactically~*~*~ (stealth).
  2469 | D:3      | 2469 ||| Stepping ~*~*~tactically~*~*~ (stealth).
  2472 | D:3      | 2472 ||| Stepping ~*~*~tactically~*~*~ (stealth).
  2640 | D:3      | 2640 ||| UPGRADING to +0 pair of gloves.
  2645 | D:3      | 2645 ||| UPGRADING to +3 pair of mountain boots {steadfast,
                  | rC+}.
  2650 | D:3      | 2650 ||| READING scroll labelled OCIOLU LUBBUFA.
  2727 | D:4      | Reached XP level 6. HP: 38/38 MP: 6/6
  2746 | D:4      | Found a staircase to the Ecumenical Temple.
  2747 | D:4      | 2747 ||| PLANNING TEMPLE
  2755 | Temple   | Entered the Ecumenical Temple
  2793 | Temple   | 2793 ||| PLANNING D:1-11
  2845 | D:4      | Noticed a black bear
  2852 | D:4      | Killed a black bear
  2960 | D:4      | Found a hide-covered altar of Uskayaw.
  3001 | D:4      | Noticed qw's ghost (amateur GrFi)
  3004 | D:4      | Found a transporter.
  3012 | D:4      | Found a transporter.
  3103 | D:4      | Noticed Blork the orc
  3115 | D:4      | Killed Blork the orc
  3116 | D:4      | Reached XP level 7. HP: 37/43 MP: 7/7
  3193 | D:4      | Found a glowing golden altar of the Shining One.
  3239 | D:4      | 3239 ||| FLEEEEING.
  3240 | D:4      | 3240 ||| FLEEEEING.
  3241 | D:4      | 3241 ||| FLEEEEING.
  3242 | D:4      | 3242 ||| FLEEEEING.
  3247 | D:4      | Reached skill level 6 in Axes
  3362 | D:4      | 3362 ||| UPGRADING to +0 chain mail.
  3372 | D:4      | 3372 ||| DROPPING +0 scale mail.
  3373 | D:4      | 3373 ||| READING scroll labelled KAEPOD ABBEI.
  3374 | D:4      | 3374 ||| READING scroll labelled COKERUTASE.
  3375 | D:4      | 3375 ||| DRINKING 3 blue potions.
  3375 | D:4      | Gained mutation: You occasionally lose the ability to drink
                  | potions when taking damage. [potion of mutation]
  3375 | D:4      | Gained mutation: Potions are less effective at restoring
                  | your health. [potion of mutation]
  3375 | D:4      | Gained mutation: Your flesh is heat resistant. (rF+)
                  | [potion of mutation]
  3376 | D:4      | 3376 ||| DRINKING 2 potions of mutation.
  3376 | D:4      | Lost mutation: Your flesh is heat resistant. (rF+) [potion
                  | of mutation]
  3376 | D:4      | Lost mutation: Potions are less effective at restoring your
                  | health. [potion of mutation]
  3376 | D:4      | Gained mutation: You occasionally shout uncontrollably at
                  | your foes. [potion of mutation]
  3376 | D:4      | Lost mutation: You occasionally lose the ability to drink
                  | potions when taking damage. [potion of mutation]
  3376 | D:4      | Gained mutation: You have hidden genetic potential. [potion
                  | of mutation]
  3376 | D:4      | Gained mutation: You have sharp fingernails. [potion of
                  | mutation]
  3390 | D:5      | Entered Level 5 of the Dungeon
  3401 | D:5      | 3401 ||| SWAPPING to +0 heavy war axe.
  3402 | D:5      | 3402 ||| DROPPING +0 war axe.
  3593 | D:5      | Noticed qw's ghost (amateur GrFi)
  3594 | D:5      | Noticed a hornet
  3804 | D:5      | Found a transporter.
  3810 | D:5      | Found a transporter.
  3940 | D:5      | 3940 ||| Stepping ~*~*~tactically~*~*~ (hiding).
  3941 | D:5      | 3941 ||| Stepping ~*~*~tactically~*~*~ (hiding).
  4113 | D:5      | Found a basalt altar of Yredelemnul.
  4277 | D:5      | 4277 ||| UPGRADING to +0 plate armour.
  4287 | D:5      | 4287 ||| DROPPING +0 chain mail.
  4288 | D:5      | 4288 ||| DRINKING 2 amethyst potions.
  4289 | D:5      | 4289 ||| READING 3 scrolls of identify.
  4289 | D:5      | 4289 ||| IDENTIFYING coppery potion
  4290 | D:5      | 4290 ||| READING 2 scrolls of identify.
  4290 | D:5      | 4290 ||| IDENTIFYING clear potion
  4291 | D:5      | 4291 ||| DROPPING potion of berserk rage.
  4292 | D:5      | 4292 ||| DROPPING potion of invisibility.
  4293 | D:5      | 4293 ||| DROPPING potion of degeneration.
  4310 | D:6      | 4310 ||| STAIRDANCE
  4314 | D:5      | Reached skill level 7 in Axes
  4314 | D:5      | Reached XP level 8. HP: 35/48 MP: 8/8
  4366 | D:6      | 4366 ||| STAIRDANCE
  4373 | D:5      | Gained mutation: You are partially covered in iridescent
                  | scales. (AC +2) [hidden potential]
  4422 | D:6      | 4422 ||| STAIRDANCE
  4577 | D:6      | 4577 ||| Stepping ~*~*~tactically~*~*~ (stealth).
  4583 | D:6      | 4583 ||| DRINKING 2 potions of curing.
  4583 | D:6      | 4583 ||| (to cure confusion)
  4587 | D:6      | 4587 ||| DRINKING potion of curing.
  4587 | D:6      | 4587 ||| (to cure confusion)
  4828 | D:6      | 4828 ||| Stepping ~*~*~tactically~*~*~ (hiding).
  4829 | D:6      | 4829 ||| Stepping ~*~*~tactically~*~*~ (hiding).
  4833 | D:6      | 4833 ||| Stepping ~*~*~tactically~*~*~ (hiding).
  4874 | D:6      | Reached skill level 8 in Axes
  4941 | D:6      | 4941 ||| DROPPING +0 whip.
  4986 | D:6      | Found a glowing silver altar of Zin.
  5109 | D:6      | 5109 ||| READING scroll labelled EGOXTU RUDE.
  5110 | D:6      | 5110 ||| READING scroll labelled MEHISCH RIZXAP.
  5111 | D:6      | 5111 ||| READING 3 scrolls of identify.
  5111 | D:6      | 5111 ||| IDENTIFYING sedimented brown potion
  5112 | D:6      | 5112 ||| READING 2 scrolls of identify.
  5112 | D:6      | 5112 ||| IDENTIFYING fuming green potion
  5113 | D:6      | 5113 ||| DROPPING potion of brilliance.
  5161 | D:7      | Reached skill level 6 in Armour
  5283 | D:7      | Noticed a hornet
  5289 | D:7      | Killed a hornet
  5290 | D:7      | Reached XP level 9. HP: 36/54 MP: 9/9
  5298 | D:7      | Gained mutation: Your large and strong wings let you fly.
                  | [hidden potential]
  5298 | D:7      | Lost mutation: You have hidden genetic potential. [hidden
                  | potential expressed]
  5355 | D:7      | Found a stormy altar of Qazlal.
  5404 | D:7      | 5404 ||| Stepping ~*~*~tactically~*~*~ (hiding).
  5433 | D:7      | 5433 ||| Stepping ~*~*~tactically~*~*~ (hiding).
  5511 | D:7      | Noticed Joseph
  5512 | D:7      | 5512 ||| Stepping ~*~*~tactically~*~*~ (hiding).
  5526 | D:7      | Killed Joseph
  5755 | D:7      | 5755 ||| READING scroll of enchant weapon.
  5755 | D:7      | 5755 ||| ENCHANTING +1 heavy war axe.
  6027 | D:7      | 6027 ||| DRINKING 2 sedimented inky potions.
  6028 | D:7      | 6028 ||| DROPPING potion of flight.
  6131 | D:8      | Reached skill level 9 in Axes
  6200 | D:8      | Reached XP level 10. HP: 26/63 MP: 10/10
  6672 | D:8      | Reached skill level 10 in Axes
  6700 | D:8      | 6700 ||| READING scroll labelled ESYNUNK IQEINT.
  6701 | D:8      | 6701 ||| READING 2 scrolls of identify.
  6701 | D:8      | 6701 ||| IDENTIFYING fizzy cyan potion
  6710 | D:9      | Found a shimmering altar of Xom.
  6795 | D:9      | 6795 ||| Stepping ~*~*~tactically~*~*~ (stealth).
  6880 | D:9      | Found a staircase to the Lair.
  6896 | D:9      | 6896 ||| FLEEEEING.
  6897 | D:9      | 6897 ||| FLEEEEING.
  6898 | D:9      | 6898 ||| FLEEEEING.
  6899 | D:9      | 6899 ||| FLEEEEING.
  6900 | D:9      | 6900 ||| FLEEEEING.
  6901 | D:9      | 6901 ||| FLEEEEING.
  6902 | D:9      | 6902 ||| FLEEEEING.
  6903 | D:9      | 6903 ||| FLEEEEING.
  6904 | D:9      | 6904 ||| FLEEEEING.
  6905 | D:9      | 6905 ||| FLEEEEING.
  6906 | D:9      | 6906 ||| FLEEEEING.
  6909 | D:9      | 6909 ||| FLEEEEING.
  6913 | D:9      | 6913 ||| FLEEEEING.
  6914 | D:9      | 6914 ||| FLEEEEING.
  6915 | D:9      | 6915 ||| FLEEEEING.
  6916 | D:9      | 6916 ||| FLEEEEING.
  6917 | D:9      | 6917 ||| FLEEEEING.
  6918 | D:9      | 6918 ||| FLEEEEING.
  6919 | D:9      | 6919 ||| FLEEEEING.
  6920 | D:9      | 6920 ||| FLEEEEING.
  6921 | D:9      | 6921 ||| FLEEEEING.
  6922 | D:9      | 6922 ||| FLEEEEING.
  6923 | D:9      | 6923 ||| FLEEEEING.
  6924 | D:9      | 6924 ||| FLEEEEING.
  6925 | D:9      | 6925 ||| FLEEEEING.
  6928 | D:9      | 6928 ||| FLEEEEING.
  6929 | D:9      | 6929 ||| FLEEEEING.
  6930 | D:9      | 6930 ||| FLEEEEING.
  6931 | D:9      | 6931 ||| FLEEEEING.
  6936 | D:9      | 6936 ||| FLEEEEING.
  6937 | D:9      | 6937 ||| FLEEEEING.
  6938 | D:9      | 6938 ||| FLEEEEING.
  6942 | D:9      | 6942 ||| FLEEEEING.
  6943 | D:9      | 6943 ||| FLEEEEING.
  6944 | D:9      | 6944 ||| FLEEEEING.
  6947 | D:9      | 6947 ||| FLEEEEING.
  6948 | D:9      | 6948 ||| FLEEEEING.
  6949 | D:9      | 6949 ||| FLEEEEING.
  6950 | D:9      | 6950 ||| FLEEEEING.
  6951 | D:9      | 6951 ||| FLEEEEING.
  6952 | D:9      | 6952 ||| FLEEEEING.
  6953 | D:9      | 6953 ||| STAIRDANCE
  6998 | D:9      | 6998 ||| STAIRDANCE
  7057 | D:9      | Found a staircase to the Orcish Mines.
  7058 | D:9      | 7058 ||| Stepping ~*~*~tactically~*~*~ (stealth).
  7061 | D:9      | 7061 ||| Stepping ~*~*~tactically~*~*~ (stealth).
  7064 | D:9      | 7064 ||| Stepping ~*~*~tactically~*~*~ (stealth).
  7075 | D:9      | HP: 11/64 [yak (9)]
  7076 | D:9      | 7076 ||| DRINKING 2 potions of heal wounds.
  7221 | D:9      | 7221 ||| READING scroll of enchant weapon.
  7221 | D:9      | 7221 ||| ENCHANTING +2 heavy war axe.
  7297 | D:9      | Reached skill level 11 in Axes
  7372 | D:9      | Reached XP level 11. HP: 69/69 MP: 11/11
  7391 | D:9      | Found a transporter.
  7393 | D:9      | Found Darebb's Jewellery Shoppe.
  7464 | D:9      | Found a transporter.
  7476 | D:9      | 7476 ||| Stepping ~*~*~tactically~*~*~ (stealth).
  7583 | D:9      | Found a shimmering blue altar of Sif Muna.
  7583 | D:9      | Found a white marble altar of Elyvilon.
  7619 | D:9      | 7619 ||| DRINKING 2 fuming dark potions.
  7620 | D:9      | 7620 ||| DROPPING potion of magic.
  7677 | D:10     | Entered Level 10 of the Dungeon
  7712 | D:10     | Reached skill level 9 in Fighting
  7729 | D:10     | Noticed Harold
  7730 | D:10     | 7730 ||| FLEEEEING.
  7742 | D:10     | 7742 ||| Stepping ~*~*~tactically~*~*~ (stealth).
  7788 | D:10     | 7788 ||| Stepping ~*~*~tactically~*~*~ (stealth).
  7798 | D:10     | Reached skill level 9 in Armour
  7833 | D:10     | Noticed Lodul
  7834 | D:10     | 7834 ||| Stepping ~*~*~tactically~*~*~ (stealth).
  7835 | D:10     | 7835 ||| Stepping ~*~*~tactically~*~*~ (hiding).
  7836 | D:10     | 7836 ||| Stepping ~*~*~tactically~*~*~ (hiding).
  7847 | D:10     | Killed Lodul
  7847 | D:10     | HP: 12/71 [ogre/+0 giant club[Lodul] (19)]
  7848 | D:10     | 7848 ||| DRINKING potion of heal wounds.
  7850 | D:10     | Slain by an ogre

Levels and vault maps discovered:
D:1:      mrwooster_arrival_statue, layout_loops_corners,
          shapermc_ecumenical_altar_mp_urbaneastern
D:2:      layout_basic, basic_altar, minmay_tetromino_l2
D:3:      minmay_spotlight, layout_rooms, lemuel_tele_altar,
          gammafunk_ghost_grave
D:4:      layout_gridville, mainiacjoe_overflow_tiny_flanked,
          mainiacjoe_overflow_concentric_impassable,
          minmay_temple_entry_statues_pillars, gammafunk_ghost_arena,
          uniq_blork_the_orc
D:5:      layout_loops_corners, kennysheep_mini, gammafunk_ghost_hive,
          hangedman_decor_lopped, minmay_holes
D:6:      layout_cave_pools, zin_statuary
D:7:      layout_gridville, mainiacjoe_overflow_catwalk, uniq_joseph
D:8:      layout_rooms
D:9:      layout_roguey, gammafunk_temple_overflow_statue,
          mainiacjoe_overflow_chevrons, erik_lair_island, serial_shops,
          nicolae_shop_drivethru, enter_bailey_3, supply_closet_lemuel,
          grunt_livestock
D:10:     layout_basic, nemelex_altar_shiori, okawaru_humans,
          nicolae_overflow_hidden_temple, mainiacjoe_overflow_alcove_4,
          uniq_harold, uniq_lodul
Temple:   nicolae_temple_ecumenical_triangle

Skill      XL: |  1  2  3  4  5  6  7  8  9 10 11 |
---------------+----------------------------------+-----
Axes           | 2 3 4 5 7 8 9 11 | 11.4
Fighting       | 4 5 7 8 9 |  9.0
Dodging        | 2 |  2.1
Armour         | 4 6 7 8 9 |  9.1
Throwing       | 2 |  2.7
Shields        | 4 5 |  5.3

Action                     |  1- 3 |  4- 6 |  7- 9 | 10-12 || total
---------------------------+-------+-------+-------+-------++-------
  Melee: War axe           |    77 |   158 |   226 |   148 ||   609
  Throw: Boomerang         |       |    38 |    16 |    46 ||   100
    Use: Scroll            |     5 |     1 |     9 |     3 ||    18
         Potion            |       |     2 |     6 |     3 ||    11
 Armour: Scale mail        |    49 |    94 |    10 |       ||   153
         Chain mail        |       |       |    28 |       ||    28
         Plate armour      |       |       |   281 |   164 ||   445
  Dodge: Dodged            |    30 |    71 |   115 |    82 ||   298
  Block: Buckler           |    22 |    26 |    80 |    41 ||   169

Table legend:
 A = Non-vault XP
 B = Vault XP
 C = Vault XP percentage of total XP
 D = Non-vault monster count
 E = Vault monster count
 F = Vault count percentage of total count
                 A         B        C        D         E       F
            +---------+---------+-------+---------+---------+-------
      Total |    8774 |    3591 |  29.0 |     186 |      29 |  13.5
            +---------+---------+-------+---------+---------+-------
        D:1 |      37 |       0 |   0.0 |      18 |       0 |   0.0
        D:2 |      76 |      15 |  16.5 |      22 |       2 |   8.3
        D:3 |     177 |       6 |   3.3 |      14 |       4 |  22.2
        D:4 |     318 |     100 |  23.9 |      22 |       1 |   4.3
        D:5 |     664 |       0 |   0.0 |      13 |       0 |   0.0
        D:6 |     732 |       0 |   0.0 |      22 |       0 |   0.0
        D:7 |    1063 |     450 |  29.7 |      18 |       1 |   5.3
        D:8 |    1882 |       0 |   0.0 |      23 |       0 |   0.0
        D:9 |    2488 |    1511 |  37.8 |      23 |      15 |  39.5
       D:10 |    1337 |    1509 |  53.0 |      11 |       6 |  35.3
            +---------+---------+-------+---------+---------+-------
